 Dungeon Crawl Stone Soup version 0.20.0-7-g3b7b877 (webtiles) character file.

14518 rodrick the Brawler (level 11, -1/101 HPs)
             Began as a Troll Berserker on May 28, 2017.
             Was a High Priest of Trog.
             Slain by a troll simulacrum (14 damage)
             ... in an ice cave.
             The game lasted 00:26:17 (9391 turns).

rodrick the Brawler (Troll Berserker)               Turns: 9391, Time: 00:26:17

Health: -1/101     AC: 10    Str: 30    XL:     11   Next: 89%
Magic:  10/10      EV: 11    Int:  3    God:    Trog [*****.]
Gold:   1403       SH:  9    Dex:  9    Spells: 10/10 levels left

rFire    . . .     SeeInvis +     - Unarmed
rCold    . . .     Gourm    +   G - +0 shield
rNeg     . . .     Faith    .   y - +2 robe
rPois    .         Spirit   .   c - +2 hat
rElec    .         Reflect  .   d - +0 cloak
rCorr    .         Harm     .   (gloves unavailable)
MR       +....                  (boots unavailable)
Stlth    +.........             (no amulet)
Regen    0.7/turn               E - ring of protection from magic
MPRegen  0.2/turn               q - ring of see invisible

@: berserk cooldown, slowed, very slow
A: unfitting armour, claws 3, fast metabolism 3, gourmand, regeneration 1,
shaggy fur 1, tough skin 2
a: Berserk, Trog's Hand, Brothers in Arms, Burn Spellbooks, Renounce Religion


You were in an ice cave.
You worshipped Trog.
Trog was extremely pleased with you.
You were not hungry.

You visited 2 branches of the dungeon, and saw 12 of its levels.
You also visited: Ice Cave and Volcano.

You collected 1445 gold pieces.
You spent 42 gold pieces at shops.

Inventory:

Hand Weapons
 a - a +1 giant club of flaming
 F - a +8 antimagic giant spiked club
Missiles
 l - 8 javelins
 m - 9 large rocks (quivered)
Armour
 c - a +2 hat (worn)
 d - a +0 cloak (worn)
 y - a +2 robe (worn)
 G - a +0 shield (worn)
Jewellery
 h - an uncursed ring of protection from fire
 q - a ring of see invisible (right claw)
 E - a ring of protection from magic (left claw)
Wands
 v - a wand of disintegration (6/24)
 z - a wand of flame (23/48)
 A - a wand of random effects (23/48)
 B - a wand of random effects (20/48)
 D - a wand of polymorph (16/24)
Scrolls
 f - 7 scrolls of remove curse
 i - 2 scrolls of fog
 j - 3 scrolls of teleportation
 o - 2 scrolls of blinking
 r - a scroll of identify
Potions
 e - a potion of mutation
 g - 2 potions of magic
 n - 5 potions of brilliance
 p - 4 potions of invisibility
 s - 3 potions of curing
 t - 2 potions of berserk rage {unknown}
 w - 3 potions of agility {unknown}
 x - a potion of heal wounds {unknown}
 C - a potion of cancellation {unknown}
 H - a potion of experience {unknown}
Comestibles
 b - 10 bread rations
 k - 2 royal jellies
 u - 11 fruits


   Skills:
 + Level 4.7 Fighting
 + Level 1.4 Throwing
 + Level 8.5 Dodging
 - Level 1.1 Stealth
 + Level 2.4 Shields
 + Level 15.0 Unarmed Combat


You had 10 spell levels left.
You didn't know any spells.

Dungeon Overview and Level Annotations

Branches:
Dungeon (10/15)            Temple (0/1) D:5             Orc (2/2) D:10
   Lair: D:8-11         Elf: Orc:2

Altars:
Cheibriados
Fedhas
Nemelex Xobeh
Sif Muna
Trog
Vehumet

Shops:
D:8 (   Orc:1 [*

Annotations:
D:2 exclusion: oklob plant


Innate Abilities, Weirdness & Mutations

You are too large for most types of armour.
You have claws for hands.
Your metabolism is lightning-fast.
You like to eat raw meat.
Your natural rate of healing is unusually fast.
You are covered in fur. (AC +1)
You have very tough skin. (AC +2)


Message History

Your ogre goes berserk!
You feel quite a bit more hungry. The white imp gestures at you.
The puff of frost hits you!
You mangle the white imp!!
You kill the white imp!
Trog accepts your kill.
Your ogre rages.
The troll simulacrum bites you! The troll simulacrum freezes you!!
* * * LOW HITPOINT WARNING * * *
The troll simulacrum claws you.
* * * LOW HITPOINT WARNING * * *
The troll simulacrum freezes you!
* * * LOW HITPOINT WARNING * * *
The troll simulacrum claws you but does no damage.
Your ogre hits the troll simulacrum with a giant club.
The troll simulacrum bites you.
* * * LOW HITPOINT WARNING * * *
The troll simulacrum freezes you!
You die...

###...###
#.......####
..........(#
...........#
.........########
........## ##...##
.###.....###.....##
########..#..###..#
..### ##...##.O@.#
....### ##.##.5Z###
##....## #####...
###...### ##..W
###...### ##.Z. ##
###...## .ZW. .##
##...# 55Z.Z ..##
###..# Z..Z_. ...#
##....#


You could see a white imp, a troll simulacrum and a friendly ogre (berserk).

Vanquished Creatures
  A two-headed ogre (D:10)
  A hell knight (Volcano)
  A cyclops (Orc:1)
  An ugly thing (Volcano)
  A smoke demon (Volcano)
  Psyche (D:9)
  10 freezing wraiths (IceCv)
  2 rime drakes (Orc:2)
  A troll (Orc:1)
  A red devil (Volcano)
  A hornet (D:9)
  5 yaks (D:9)
  A wraith (D:6)
  Menkaure (D:4)
  2 wargs
  Duvessa (D:5)
  3 hell hounds (Volcano)
  2 alligator simulacra (IceCv)
  8 orc warriors
  A sky beast (D:10)
  8 ice beasts
  4 phantoms
  A necrophage (D:7)
  6 ogres
  6 centaurs
  A big kobold (D:8)
  3 bullfrogs
  A wyvern zombie (D:7)
  Dowan (D:5)
  A gnoll sergeant (D:8)
  2 scorpions
  8 wights
  A vampire bat (D:3)
  3 electric eels (D:10)
  6 crimson imps
  A bullfrog zombie (D:7)
  2 howler monkeys (D:7)
  A centaur zombie (D:5)
  2 draconian simulacra (IceCv)
  2 jellies
  2 hounds
  2 bullfrog skeletons
  6 orc priests
  A centaur skeleton (D:7)
  Ijyb (D:4)
  2 iguanas
  10 orc wizards
  7 worker ants
  A polar bear simulacrum (IceCv)
  A killer bee zombie (D:6)
  2 centaur simulacra (IceCv)
  A mummy (D:7)
  2 hound zombies
  2 hound skeletons (D:4)
  3 worker ant zombies
  11 gnolls
  A naga simulacrum (IceCv)
  An ogre simulacrum (IceCv)
  14 adders
  3 shadow imps
  9 white imps (IceCv)
  An adder zombie (D:7)
  An adder skeleton (D:3)
  3 dart slugs
  7 leopard geckos
  51 orcs
  A ball python (D:3)
  3 giant cockroaches
  5 goblins
  9 hobgoblins
  11 jackals
  2 quokkas
  15 bats
  4 frilled lizards
  14 kobolds
  A leopard gecko skeleton (D:7)
  A quokka skeleton (D:6)
  A quokka zombie (D:5)
  4 rats
  A plant (D:10)
322 creatures vanquished.

Vanquished Creatures (collateral kills)
  An orc knight (Orc:1)
  An alligator simulacrum (IceCv)
  2 orc warriors (Orc:1)
  An ogre (Orc:1)
  3 orc priests (Orc:1)
  4 orcs (Orc:1)
12 creatures vanquished.

Vanquished Creatures (others)
  16 toadstools (D:2)
  A withered plant (D:7)
17 creatures vanquished.

Grand Total: 351 creatures vanquished

Notes
Turn   | Place    | Note
-------+----------+-------------------------------------------
     0 | D:1      | rodrick the Troll Berserker began the quest for the Orb.
     0 | D:1      | Reached XP level 1. HP: 22/22 MP: 0/0
   441 | D:1      | Found a sparkling altar of Nemelex Xobeh.
   453 | D:1      | Reached XP level 2. HP: 29/29 MP: 1/1
   850 | D:2      | Reached ** piety under Trog
   850 | D:2      | Reached XP level 3. HP: 33/36 MP: 2/2
  1125 | D:2      | Reached XP level 4. HP: 44/44 MP: 3/3
  1368 | D:2      | Found a blossoming altar of Fedhas.
  1398 | D:2      | Noticed an oklob plant
  1573 | D:3      | Reached skill level 4 in Unarmed Combat
  1950 | D:3      | Reached XP level 5. HP: 48/52 MP: 4/4
  2216 | D:3      | Found a radiant altar of Vehumet.
  2424 | D:4      | Noticed Menkaure
  2434 | D:4      | Killed Menkaure
  2434 | D:4      | Reached skill level 5 in Unarmed Combat
  2434 | D:4      | Reached XP level 6. HP: 39/61 MP: 5/5
  2579 | D:4      | Found a snail-covered altar of Cheibriados.
  2649 | D:4      | Reached *** piety under Trog
  2663 | D:4      | Noticed Ijyb
  2673 | D:4      | Killed Ijyb
  2995 | D:5      | Entered Level 5 of the Dungeon
  3008 | D:5      | Found a sparkling altar of Nemelex Xobeh.
  3021 | D:5      | Noticed an ice beast
  3031 | D:5      | Killed an ice beast
  3031 | D:5      | Reached skill level 6 in Unarmed Combat
  3031 | D:5      | Reached XP level 7. HP: 67/67 MP: 6/6
  3136 | D:5      | Noticed Duvessa
  3137 | D:5      | Noticed Dowan
  3144 | D:5      | Killed Duvessa
  3144 | D:5      | Reached skill level 5 in Dodging
  3149 | D:5      | Killed Dowan
  3229 | D:5      | Reached skill level 7 in Unarmed Combat
  3537 | D:5      | Found a staircase to the Ecumenical Temple.
  3543 | D:5      | Reached XP level 8. HP: 75/75 MP: 7/7
  3810 | D:6      | Found a sparkling altar of Nemelex Xobeh.
  3850 | D:6      | Reached skill level 1 in Stealth
  3850 | D:6      | Reached skill level 8 in Unarmed Combat
  3969 | D:6      | Reached **** piety under Trog
  3987 | D:6      | Reached skill level 9 in Unarmed Combat
  4456 | D:7      | Reached XP level 9. HP: 82/84 MP: 8/8
  4731 | D:7      | Reached skill level 10 in Unarmed Combat
  5258 | D:8      | Reached ***** piety under Trog
  5471 | D:8      | Found a bloodstained altar of Trog.
  5520 | D:8      | Found Suxkioti's Weapon Emporium.
  5528 | D:8      | Bought 5 large rocks for 42 gold pieces
  6108 | D:9      | Noticed Psyche
  6114 | D:9      | Killed Psyche
  6114 | D:9      | Reached skill level 11 in Unarmed Combat
  6182 | D:9      | Reached XP level 10. HP: 75/92 MP: 9/9
  6190 | D:9      | Reached skill level 1 in Throwing
  6371 | D:9      | Found a deep blue altar of Sif Muna.
  6542 | D:9      | Reached skill level 12 in Unarmed Combat
  6738 | D:10     | Entered Level 10 of the Dungeon
  6778 | D:10     | Found a staircase to the Orcish Mines.
  7377 | D:10     | Received a gift from Trog
  7463 | D:10     | Noticed a two-headed ogre
  7470 | D:10     | Killed a two-headed ogre
  7470 | D:10     | Reached skill level 13 in Unarmed Combat
  7735 | Orc:1    | Entered Level 1 of the Orcish Mines
  7765 | Orc:1    | Found a dark tunnel.
  7772 | Volcano  | Entered a volcano
  7839 | Volcano  | Noticed a smoke demon
  7845 | Volcano  | Killed a smoke demon
  7950 | Volcano  | Noticed a red ugly thing
  7951 | Volcano  | Noticed a hell knight
  7957 | Volcano  | Killed a red ugly thing
  7957 | Volcano  | Reached XP level 11. HP: 101/101 MP: 10/10
  7962 | Volcano  | Killed a hell knight
  8030 | Orc:1    | Noticed an orc knight
  8043 | Orc:1    | Killed an orc knight
  8211 | Orc:1    | Found a bloodstained altar of Trog.
  8260 | Orc:1    | Reached skill level 14 in Unarmed Combat
  8405 | Orc:1    | Found Johoggybia's General Store.
  8435 | Orc:1    | Found Orylekhla's Antique Armour Emporium.
  8653 | Orc:2    | Entered Level 2 of the Orcish Mines
  8734 | Orc:2    | Found a frozen archway.
  8793 | IceCv    | Entered an ice cave
  8932 | IceCv    | Reached skill level 1 in Shields
  9207 | IceCv    | Received a gift from Trog
  9358 | IceCv    | Found an ancient bone altar of Kikubaaqudgha.
  9368 | IceCv    | Reached skill level 15 in Unarmed Combat
  9391 | IceCv    | Slain by a troll simulacrum

Skill      XL: |  1  2  3  4  5  6  7  8  9 10 11 |
---------------+----------------------------------+-----
Dodging        | 3 4 5 6 7 8 |  8.5
Unarmed Combat | 4 5 6 7 9 11 13 15 | 15.0
Fighting       | 3 4 |  4.7
Stealth        | 1 |  1.1
Throwing       | 1 |  1.4
Shields        | 2 |  2.4

Action                   |  1- 3 |  4- 6 |  7- 9 | 10-12 || total
-------------------------+-------+-------+-------+-------++-------
Melee: Unarmed           |    83 |   123 |   348 |   333 ||   887
       Punch             |     4 |     3 |    11 |    11 ||    29
Throw: Javelin           |       |       |     2 |       ||     2
       Large rock        |       |       |     3 |     3 ||     6
Invok: Berserk           |       |     3 |     2 |     7 ||    12
       Brothers in Arms  |       |       |       |     4 ||     4
       Trog's Hand       |       |       |       |     1 ||     1
  Use: Scroll            |       |       |    19 |     5 ||    24
 Stab: Sleeping          |       |       |     3 |     2 ||     5
       Distracted        |       |       |       |     1 ||     1
  Eat: Chunk             |    16 |    19 |    32 |    31 ||    98
Armor: Animal skin       |    57 |    58 |     3 |       ||   118
       Robe              |       |       |    98 |    76 ||   174
Dodge: Dodged            |    63 |    87 |   197 |   130 ||   477
Block: Shield            |       |       |       |    63 ||    63
